AoeStats
← ALmotema

African Clearing

510325037Analyzed
2v2 RM · 1d ago on Sep 30, 2026· 50m 38s· 4 players
Game mode
Random Map
Map size
Medium (4 player)
Population
200
Speed
Normal
Resources
Standard
Victory
Conquest
Starting age
Dark Age
Ending age
Imperial Age
RankedLock teamsTeams togetherTeam positionsShared explorationLock speedFull tech treeHidden civsTurbo modeCheats
Victory
Defeat
🇹🇼 Maya · Taiwan
1476
+13
🇹🇼 Hindustanis · Taiwan
1365
+17
🇹🇷 Spanish · Türkiye
1400
-15
🇫🇷 Malians · France
1396
-15
lefournion
9:06 Loom
9:22 Loom
13:36 Feudal Age
14:11 Double-Bit Axe
19:59 Castle Age
18:34 Fletching
19:19 Horse Collar
20:33 Crossbowman
23:06 Bodkin Arrow
36:24 Wheelbarrow
37:41 Hand Cart
Lucky7
13:08 Feudal Age
16:52 Castle Age
15:03 Loom
15:19 Double-Bit Axe
34:32 Bow Saw
39:02 Wheelbarrow
39:44 Padded Archer Armor
40:46 Leather Archer Armor
45:45 Imperial Age
43:41 Fletching
45:27 Bodkin Arrow
ALmotema
4:51 Loom
5:06 Loom
12:27 Feudal Age
12:55 Double-Bit Axe
17:39 Castle Age
15:59 Gold Mining
16:40 Scale Barding Armor
18:37 Forging
18:38 Husbandry
19:19 Bloodlines
19:14 Husbandry
22:27 Bloodlines
26:09 Wheelbarrow
26:34 Town Watch
27:05 Stone Mining
27:26 Horse Collar
29:35 Scale Mail Armor
31:01 Chain Mail Armor
33:37 Squires
34:36 Heavy Plow
35:36 Iron Casting
37:52 Stone Shaft Mining
37:53 Gold Shaft Mining
38:12 Bow Saw
41:20 Imperial Age
39:43 Chain Barding Armor
39:37 Grand Trunk Road
39:35 Arson
42:07 Hand Cart
41:21 Elite Ghulam
43:54 Blast Furnace
43:44 Chain Barding Armor
43:55 Heavy Camel Rider
46:21 Plate Barding Armor
46:41 Conscription
46:25 Imperial Camel Rider
48:30 Siege Engineers
51:50 Two-Man Saw
51:10 Masonry
50:31 Spies/Treason
Evlstn
10:24 Loom
12:11 Feudal Age
16:40 Castle Age
15:30 Fletching
16:42 Double-Bit Axe
19:40 Ballistics
20:31 Bodkin Arrow
24:31 Padded Archer Armor
24:50 Town Watch
25:44 Wheelbarrow
28:02 Leather Archer Armor
28:52 Horse Collar
31:52 Town Watch
41:33 Imperial Age
39:41 Scale Mail Armor
39:51 Forging
39:47 Gold Mining
39:59 Heavy Plow
40:25 Eagle Warrior
41:06 Squires
42:14 Chain Mail Armor
43:34 Plate Mail Armor
44:35 Bracer
45:24 Conscription
46:10 Ring Archer Armor
46:30 Arson
46:20 Elite Eagle Warrior
49:13 Iron Casting
49:15 Holcans
49:21 Hoardings
48:11 Elite Plumed Archer
51:40 Blast Furnace
Connection lost

Rejoining the realm…

Still unreachable

The connection could not be restored.

Session expired

The server has moved on; the page needs a fresh start.